 Dungeon Crawl Stone Soup version 0.26.1-11-gd32895ea62 (webtiles) character file.

Game seed: 13495528543713897898

4336 dtburroughs the Fighter (level 10, -6/91 HPs)
             Began as a Minotaur Berserker on June 21, 2021.
             Was a Priest of Trog.
             Mangled by Grum
             ... wielding a -1 halberd
              (9 damage)
             ... on level 9 of the Dungeon on June 22, 2021.
             The game lasted 00:17:50 (9552 turns).

dtburroughs the Fighter (Minotaur Berserker)        Turns: 9552, Time: 00:17:51

Health: -6/91      AC: 13    Str: 22    XL:     10   Next: 12%
Magic:  9/9        EV: 14    Int:  7    God:    Trog [***...]
Gold:   437        SH:  0    Dex: 10    Spells: 9/9 levels left

rFire    . . .     SeeInvis .   a - +0 war axe (vorpal)
rCold    . . .     Faith    .   (no shield)
rNeg     . . .     Spirit   .   B - +0 ring mail {rPois}
rPois    +         Reflect  .   (helmet restricted)
rElec    .         Harm     .   q - +0 cloak
rCorr    .         Rampage  .   o - +0 pair of gloves
Will     +++..                  u - +2 pair of boots
Stlth    ..........             (no amulet)
HPRegen  1.25/turn              (no ring)
MPRegen  0.11/turn              r - ring of willpower

@: regenerating
A: retaliatory headbutt, horns 2
a: Renounce Religion, Berserk, Trog's Hand


You were on level 9 of the Dungeon.
You worshipped Trog.
Trog was most pleased with you.
You visited 1 branch of the dungeon, and saw 9 of its levels.

You collected 437 gold pieces.

Inventory:

Hand Weapons
 a - a +0 vorpal war axe (weapon)
 e - a +0 broad axe
Missiles
 y - 3 silver boomerangs
Armour
 o - a +0 pair of gloves (worn)
 q - a +0 cloak (worn)
 u - a +2 pair of boots (worn)
 B - a +0 ring mail of poison resistance (worn)
 H - a +0 chain mail
Jewellery
 b - an uncursed ring of ice
 c - an uncursed ring of resist corrosion {unknown}
 r - a ring of willpower (right hand)
Wands
 l - a wand of flame (13)
 w - a wand of polymorph (26)
 C - a wand of paralysis (12)
 F - a wand of digging (4)
 G - a wand of disintegration (15)
Scrolls
 f - 4 scrolls of identify
 g - 4 scrolls of teleportation
 h - a scroll of remove curse
 i - 2 scrolls of noise
 m - 2 scrolls of fear
 s - a scroll of immolation
 z - a scroll of blinking
 A - 2 scrolls of enchant armour
 I - a scroll of enchant weapon {unknown}
Potions
 d - a potion of magic {unknown}
 j - a potion of curing
 k - 3 potions of mutation
 n - a potion of degeneration {unknown}
 p - a potion of lignification {unknown}
 t - a potion of cancellation {unknown}
 v - a potion of heal wounds {unknown}
 x - 2 potions of flight {unknown}
 D - a potion of berserk rage {unknown}
 E - a potion of attraction {unknown}


   Skills:
 + Level 9.6 Fighting
 + Level 9.5 Axes
 + Level 9.2 Armour
 + Level 8.4 Dodging


You had 9 spell levels left.
You didn't know any spells.
Your spell library was empty.

Dungeon Overview and Level Annotations

Branches:
Dungeon (9/15)             Temple (0/1) D:6
   Lair: D:8-11         Orc: D:9-12

Altars:
Cheibriados
Dithmenos
Elyvilon
Fedhas
Hepliaklqana
Kikubaaqudgha
Nemelex Xobeh
Okawaru
Trog
Xom
Zin

Shops:
D:5 (   D:8 =

Annotations:
D:9 Grum


Innate Abilities, Weirdness & Mutations

You reflexively headbutt those who attack you in melee.
You have a pair of horns on your head.


Message History

The wolf misses you. You furiously retaliate!
You headbutt the wolf. Grum hits you with a -1 halberd.
* * * LOW HITPOINT WARNING * * *
The wolf barely misses you. You furiously retaliate!
You headbutt the wolf, but do no damage.
The wolf bites you!
* * * LOW HITPOINT WARNING * * *
The wolf closely misses you. The wolf bites you!
* * * LOW HITPOINT WARNING * * *
The wolf barely misses you.
There is a stone staircase leading up, spattered with blood here.
Things that are here:
a +0 whip; a +0 leather armour; an orc corpse You feel better.
The wolf bites you.
* * * LOW HITPOINT WARNING * * *
The wolf bites you!
* * * LOW HITPOINT WARNING * * *
The wolf bites you but does no damage.
Grum hits you from afar with a -1 halberd!
You die...

.... .... .$..
... #..
####..##########
...........$...<
......ghhh......
#####.oh@......#
#!o.........
..?............
...............
...........?....
................
................
........#######


You could see Grum, 4 wolves, an orc priest and an orc wizard.

Vanquished Creatures
  Maggie (D:7)
  Prince Ribbit (D:8)
  5 yaks (D:8)
  Edmund (D:5)
  Duvessa (D:5)
  A sky beast (D:5)
  2 ice beasts
  2 phantoms
  3 ogres
  2 centaurs
  A big kobold (D:7)
  4 bullfrogs
  Dowan (D:5)
  A scorpion (D:8)
  6 killer bees (D:7)
  5 howler monkeys
  A quasit (D:8)
  3 centaur skeletons
  2 jellies
  2 hounds
  5 orc priests
  2 bullfrog skeletons
  2 iguanas (D:4)
  4 orc wizards
  4 worker ants
  A worker ant zombie (D:6)
  12 adders
  2 white imps (D:8)
  An ufetubus (D:5)
  An ooze (D:2)
  An adder skeleton (D:5)
  2 adder zombies
  3 worms
  3 dart slugs
  3 leopard geckos
  21 orcs
  2 ball pythons
  3 bats
  4 giant cockroaches
  6 goblins
  6 hobgoblins
  7 jackals (D:2)
  4 quokkas
  6 frilled lizards
  11 kobolds
  A quokka zombie (D:5)
  9 rats
171 creatures vanquished.

Notes
Turn   | Place    | Note
-------+----------+-------------------------------------------
     0 | D:1      | dtburroughs the Minotaur Berserker began the quest for the
                  | Orb.
     0 | D:1      | Reached XP level 1. HP: 19/19 MP: 0/0
   451 | D:1      | Reached XP level 2. HP: 24/27 MP: 1/1
  1134 | D:2      | Reached XP level 3. HP: 25/33 MP: 2/2
  1443 | D:2      | Found an ancient bone altar of Kikubaaqudgha.
  1658 | D:2      | Reached ** piety under Trog
  1919 | D:2      | Reached XP level 4. HP: 40/40 MP: 3/3
  2017 | D:2      | Found a white marble altar of Elyvilon.
  2516 | D:2      | Found a glowing silver altar of Zin.
  2516 | D:2      | Noticed an angel
  2657 | D:3      | Reached XP level 5. HP: 19/47 MP: 4/4
  3508 | D:3      | Found a bloodstained altar of Trog.
  3754 | D:4      | Reached skill level 5 in Fighting
  3754 | D:4      | Reached skill level 5 in Axes
  3992 | D:4      | Reached XP level 6. HP: 38/56 MP: 5/5
  4325 | D:4      | Found a hazy altar of Hepliaklqana.
  4452 | D:5      | Entered Level 5 of the Dungeon
  4478 | D:5      | Reached *** piety under Trog
  4621 | D:5      | Noticed an ice beast
  4632 | D:5      | Killed an ice beast
  4633 | D:5      | Reached skill level 5 in Armour
  4969 | D:5      | Found Uchef's Weapon Boutique.
  4972 | D:5      | Noticed a sky beast
  4985 | D:5      | Killed a sky beast
  4986 | D:5      | Reached XP level 7. HP: 55/62 MP: 6/6
  5065 | D:5      | Noticed Duvessa
  5065 | D:5      | Noticed Dowan
  5065 | D:5      | Noticed Edmund
  5078 | D:5      | Killed Duvessa
  5084 | D:5      | Killed Dowan
  5085 | D:5      | Reached skill level 5 in Dodging
  5094 | D:5      | Killed Edmund
  5500 | D:5      | Found a sparkling altar of Nemelex Xobeh.
  5537 | D:6      | Reached XP level 8. HP: 71/71 MP: 7/7
  5581 | D:6      | Found a staircase to the Ecumenical Temple.
  6627 | D:6      | Found a shimmering altar of Xom.
  6997 | D:7      | Found a snail-covered altar of Cheibriados.
  7104 | D:7      | Reached XP level 9. HP: 69/81 MP: 8/8
  7251 | D:7      | Found an iron altar of Okawaru.
  7298 | D:7      | Noticed Maggie
  7308 | D:7      | Killed Maggie
  7551 | D:7      | Found a shadowy altar of Dithmenos.
  7913 | D:7      | Found a blossoming altar of Fedhas.
  8325 | D:8      | Reached **** piety under Trog
  8719 | D:8      | Found Foocseys's Jewellery Emporium.
  8811 | D:8      | Reached XP level 10. HP: 75/91 MP: 9/9
  9198 | D:8      | Noticed Prince Ribbit
  9212 | D:8      | Killed Prince Ribbit
  9542 | D:9      | Noticed Grum
  9552 | D:9      | HP: 3/91 [wolf[Grum] (10)]
  9552 | D:9      | Mangled by Grum

Illustrated notes

Levels and vault maps discovered:
D:1:      dpeg_arrival_arbitrary_a, layout_basic
D:2:      layout_loops_ring, kiku_gazebo_pond_becter, zin_angel,
          chequers_serial_rivers_micro_e, kennysheep_flooded_box,
          elyvilon_altar_5
D:3:      layout_rooms, minmay_misc_feat_enclosed, trog_book
D:4:      layout_rooms, lemuel_doored_altar
D:5:      layout_rooms, nemelex_altar_shiori, serial_shops, shop, uniq_duvessa,
          uniq_edmund
D:6:      layout_loops_corners, minmay_temple_entry_statues_pillars,
          fountainhead, xom_teletrap_fun
D:7:      layout_layer_cave, nicolae_dithmenos_shadow_blocks,
          lemuel_crystal_altar, basic_altar, okawaru_gym_becter, uniq_maggie
D:8:      layout_loops_ring, serial_shops, shop, uniq_prince_ribbit1
D:9:      gammafunk_indiana_jones, layout_long_grid, minmay_fire_ice_demons,
          uniq_grum

Skill      XL: |  1  2  3  4  5  6  7  8  9 |
---------------+----------------------------+-----
Fighting       | 4 5 6 7 9 |  9.6
Axes           | 4 5 6 7 9 |  9.5
Armour         | 3 4 5 6 7 9 |  9.2
Dodging        | 3 4 5 6 8 |  8.4

Action                   |  1- 3 |  4- 6 |  7- 9 | 10-12 || total
-------------------------+-------+-------+-------+-------++-------
Melee: Hand axe          |    70 |    41 |       |       ||   111
       Headbutt          |     9 |    17 |    33 |     7 ||    66
       War axe           |       |    82 |   222 |    27 ||   331
Invok: Trog's Hand       |       |     2 |     5 |     1 ||     8
       Berserk           |       |       |     1 |       ||     1
Evoke: Wand              |       |       |     1 |       ||     1
  Use: Scroll            |       |     6 |     6 |       ||    12
       Potion            |       |       |     1 |     1 ||     2
 Stab: Paralysed         |       |       |     5 |       ||     5
Armor: Leather armour    |    18 |    34 |    54 |       ||   106
       Ring mail         |       |       |    18 |    31 ||    49
Dodge: Dodged            |    47 |    90 |   163 |    39 ||   339
